PAA
ATHLETIC CLUB KC ACADEMY @ PHOENIX HOTSPUR YOUTH
08/07/2022
 
TOP OF THE 1ST
Athletic Club KC Academy batting - Pitching for Phoenix Hotspur Youth : LHP Edgar Capello
Pitching: LHP Edgar Capello
Batting: SHB António Montés 0-0: Ball
1-0: Foul Ball, location: 2F
1-1: Ball
2-1: Ball
3-1: DOUBLE (Line Drive, 7LM)
Batting: RHB Chris Teague 0-0: Ball
1-0: Ground out 5-3 (Groundball, 5)
Batting: RHB Dave Robertson 0-0: Ball
1-0: Ball
2-0: Ball
3-0: Base on Balls
Batting: RHB Allen Williams 0-0: Ball
1-0: Foul Ball, location: 2F
1-1: Ball
2-1: Swinging Strike
2-2: Ball
3-2: Strikes out swinging
Dave Robertson is caught stealing 2nd base
Batter strikes out.
Top of the 1st over - 0 run(s), 1 hit(s), 0 error(s), 1 left on base; Athletic Club KC Academy 0 - Phoenix Hotspur 0
BOTTOM OF THE 1ST
Phoenix Hotspur Youth batting - Pitching for Athletic Club KC Academy : LHP António Uribe
Pitching: LHP António Uribe
Batting: RHB David Rivas 0-0: Called Strike
0-1: Ball
1-1: Foul Ball, location: 2F
1-2: Fly out, F4 (Line Drive, 4)
Batting: RHB Al Thomas 0-0: Called Strike
0-1: Ball
1-1: Ball
2-1: Ground out 4-3 (Groundball, 4)
Batting: RHB Jesús Mejía 0-0: Called Strike
0-1: Ball
1-1: Ball
2-1: Swinging Strike
2-2: Ball
3-2: Foul Ball, location: 2F
3-2: Foul Ball, location: 2F
3-2: Strikes out swinging
Bottom of the 1st over - 0 run(s), 0 hit(s), 0 error(s), 0 left on base; Athletic Club KC Academy 0 - Phoenix Hotspur 0
TOP OF THE 2ND
Athletic Club KC Academy batting - Pitching for Phoenix Hotspur Youth : LHP Edgar Capello
Batting: RHB Bob Curry 0-0: Ball
1-0: Ball
2-0: Called Strike
2-1: Foul Ball, location: 2F
2-2: Ball
3-2: Base on Balls
Batting: RHB Michael Walker 0-0: Foul Ball, location: 2F
0-1: Called Strike
Pickoff Throw by Catcher to First - Error! E2
Bob Curry to second
0-2: Ball
1-2: Strikes out looking
Batting: RHB Larry Johnston 0-0: Called Strike
0-1: Ball
1-1: Ball
2-1: Fly out, F4 (Popup, 4)
Batting: RHB William Williams 0-0: Foul Ball, location: 2F
0-1: Foul Ball, location: 2F
0-2: Foul Ball, location: 2F
0-2: Ground out 5-3 (Groundball, 5L)
Top of the 2nd over - 0 run(s), 0 hit(s), 1 error(s), 1 left on base; Athletic Club KC Academy 0 - Phoenix Hotspur 0
BOTTOM OF THE 2ND
Phoenix Hotspur Youth batting - Pitching for Athletic Club KC Academy : LHP António Uribe
Batting: RHB Javier González 0-0: Ground out 5-3 (Groundball, 5S)
Batting: SHB Pedro Gómez 0-0: Called Strike
0-1: Ball
1-1: Foul Ball, location: 2F
1-2: SINGLE (Groundball, 6MD) (infield hit)
Batting: RHB António Padilla 0-0: Ball
1-0: Foul Ball, location: 2F
1-1: Foul Ball, location: 2F
1-2: Strikes out swinging
Batting: LHB Arthur Ryan 0-0: Ball
1-0: Ground out 4-3 (Groundball, 34)
Bottom of the 2nd over - 0 run(s), 1 hit(s), 0 error(s), 1 left on base; Athletic Club KC Academy 0 - Phoenix Hotspur 0
TOP OF THE 3RD
Athletic Club KC Academy batting - Pitching for Phoenix Hotspur Youth : LHP Edgar Capello
Batting: LHB Ed Hammond 0-0: Foul Ball, location: 2F
0-1: Foul Ball, location: 2F
0-2: Ground out 6-3 (Groundball, 6M)
Batting: SHB António Montés 0-0: Ball
1-0: Ground out 3-1 (Groundball, 34S)
Batting: RHB Chris Teague 0-0: SINGLE (Line Drive, 4D)
Batting: RHB Dave Robertson 0-0: Called Strike
0-1: Swinging Strike
0-2: Ground out 1-3 (Groundball, 13S)
Top of the 3rd over - 0 run(s), 1 hit(s), 0 error(s), 1 left on base; Athletic Club KC Academy 0 - Phoenix Hotspur 0
BOTTOM OF THE 3RD
Phoenix Hotspur Youth batting - Pitching for Athletic Club KC Academy : LHP António Uribe
Batting: RHB Satoshi Terada 0-0: Ball
1-0: Swinging Strike
1-1: Swinging Strike
1-2: Ball
2-2: Strikes out looking
Batting: RHB Jesús Álvarez 0-0: Called Strike
0-1: Ground out 5-3 (Groundball, 56)
Batting: RHB David Rivas 0-0: Foul Ball, location: 2F
0-1: Swinging Strike
0-2: Ball
1-2: Strikes out swinging
Bottom of the 3rd over - 0 run(s), 0 hit(s), 0 error(s), 0 left on base; Athletic Club KC Academy 0 - Phoenix Hotspur 0
TOP OF THE 4TH
Athletic Club KC Academy batting - Pitching for Phoenix Hotspur Youth : LHP Edgar Capello
Batting: RHB Allen Williams 0-0: Foul Ball, location: 2F
0-1: Ball
1-1: Ground out 1-3 (Groundball, 13)
Batting: RHB Bob Curry 0-0: Ball
1-0: Called Strike
1-1: Called Strike
1-2: Ball
2-2: Foul Ball, location: 2F
2-2: Ball
3-2: Base on Balls
Batting: RHB Michael Walker 0-0: Ball
1-0: Fly out, F8 (Flyball, 8LM)
Batting: RHB Larry Johnston 0-0: Ball
Bob Curry steals 2nd base
1-0: Ball
2-0: Ball
Wild Pitch!
Bob Curry to third
3-0: Base on Balls
Batting: RHB William Williams 0-0: Ball
1-0: Called Strike
1-1: Swinging Strike
1-2: Foul Ball, location: 2F
1-2: Ball
2-2: Foul Ball, location: 2F
2-2: Ball
3-2: Strikes out swinging
Top of the 4th over - 0 run(s), 0 hit(s), 0 error(s), 2 left on base; Athletic Club KC Academy 0 - Phoenix Hotspur 0
BOTTOM OF THE 4TH
Phoenix Hotspur Youth batting - Pitching for Athletic Club KC Academy : LHP António Uribe
Batting: RHB Al Thomas 0-0: Ball
1-0: DOUBLE (Line Drive, 3D)
Pinch Runner at 2nd Patrick Shaw:
Batting: RHB Jesús Mejía 0-0: Ball
1-0: Called Strike
1-1: Ground out 4-3 (Groundball, 4M)
Patrick Shaw to third
Batting: RHB Javier González 0-0: Ball
1-0: Ground out 5-3 (Groundball, 56)
Patrick Shaw scores
Batting: SHB Pedro Gómez 0-0: Ball
1-0: Swinging Strike
1-1: Ball
2-1: Ball
3-1: Called Strike
3-2: Base on Balls
Batting: RHB António Padilla 0-0: Ball
1-0: Ball
2-0: Ball
3-0: Called Strike
3-1: Fly out, F8 (Flyball, 8RS)
Bottom of the 4th over - 1 run(s), 1 hit(s), 0 error(s), 1 left on base; Athletic Club KC Academy 0 - Phoenix Hotspur 1
TOP OF THE 5TH
Athletic Club KC Academy batting - Pitching for Phoenix Hotspur Youth : LHP Edgar Capello
Now at C: Patrick Shaw
Batting: LHB Ed Hammond 0-0: Swinging Strike
0-1: Ball
1-1: SINGLE (Flyball, 8LS)
Batting: SHB António Montés 0-0: Sac Bunt - play at second, runner OUT! 3-6
Batting: RHB Chris Teague 0-0: Called Strike
António Montés is caught stealing 2nd base
0-1: Fly out, F7 (Line Drive, 7S)
Top of the 5th over - 0 run(s), 1 hit(s), 0 error(s), 0 left on base; Athletic Club KC Academy 0 - Phoenix Hotspur 1
BOTTOM OF THE 5TH
Phoenix Hotspur Youth batting - Pitching for Athletic Club KC Academy : LHP António Uribe
Batting: LHB Arthur Ryan 0-0: Foul Ball, location: 2F
0-1: Foul Ball, location: 2F
0-2: Foul Ball, location: 2F
0-2: Ball
1-2: Ball
2-2: Fly out, F8 (Flyball, 8LD)
Batting: RHB Satoshi Terada 0-0: Called Strike
0-1: Ball
1-1: Ball
2-1: Fly out, F8 (Flyball, 8RM)
Batting: RHB Jesús Álvarez 0-0: Ball
1-0: Bunt missed!
1-1: SINGLE (Groundball, 56D)
Batting: RHB David Rivas 0-0: Ground out 4-3 (Groundball, 34)
Bottom of the 5th over - 0 run(s), 1 hit(s), 0 error(s), 1 left on base; Athletic Club KC Academy 0 - Phoenix Hotspur 1
TOP OF THE 6TH
Athletic Club KC Academy batting - Pitching for Phoenix Hotspur Youth : LHP Edgar Capello
Batting: RHB Dave Robertson 0-0: Ball
1-0: DOUBLE (Flyball, 9LS)
Batting: RHB Allen Williams 0-0: Called Strike
0-1: Foul Ball, location: 2F
0-2: Ball
1-2: Ground out 1-3 (Groundball, 13)
Dave Robertson to third
Batting: RHB Bob Curry 0-0: Called Strike
0-1: Ball
1-1: Ball
2-1: SINGLE (Groundball, 56D)
Dave Robertson scores
Batting: RHB Michael Walker 0-0: Ball
1-0: Grounds into double play, 4-6-3 (Groundball, 4)
Top of the 6th over - 1 run(s), 2 hit(s), 0 error(s), 0 left on base; Athletic Club KC Academy 1 - Phoenix Hotspur 1
BOTTOM OF THE 6TH
Phoenix Hotspur Youth batting - Pitching for Athletic Club KC Academy : LHP António Uribe
Batting: RHB Patrick Shaw 0-0: Called Strike
0-1: Ball
1-1: Called Strike
1-2: Strikes out swinging
Batting: RHB Jesús Mejía 0-0: Ball
1-0: Foul Ball, location: 2F
1-1: Ball
2-1: Foul Ball, location: 2F
2-2: Foul Ball, location: 2F
2-2: Ball
3-2: Foul Ball, location: 2F
3-2: Base on Balls
Batting: RHB Javier González 0-0: Ball
1-0: Called Strike
1-1: Swinging Strike
1-2: Strikes out swinging
Batting: SHB Pedro Gómez 0-0: Called Strike
0-1: Called Strike
0-2: Ball
1-2: Foul Ball, location: 2F
1-2: Ball
2-2: Strikes out swinging
Bottom of the 6th over - 0 run(s), 0 hit(s), 0 error(s), 1 left on base; Athletic Club KC Academy 1 - Phoenix Hotspur 1
TOP OF THE 7TH
Athletic Club KC Academy batting - Pitching for Phoenix Hotspur Youth : LHP Edgar Capello
Pinch Hitting: RHB Frank Church 0-0: Swinging Strike
0-1: Called Strike
0-2: Ball
1-2: Foul Ball, location: 2F
1-2: SINGLE (Line Drive, 5)
Batting: RHB William Williams 0-0: Bunt missed!
0-1: Ball
1-1: Sac Bunt - play at first, batter OUT! 1-4
Frank Church to second
Pinch Hitting: RHB John Williams 0-0: Intentional Walk
Batting: SHB António Montés 0-0: Ball
1-0: Fly out, F9 (Flyball, 9S)
Batting: RHB Chris Teague 0-0: Ball
1-0: Ball
2-0: Ball
3-0: Base on Balls
Frank Church to third
John Williams to second
Batting: RHB Dave Robertson 0-0: Ball
1-0: Foul Ball, location: 2F
1-1: DOUBLE (Line Drive, 7D)
Frank Church scores
John Williams scores
Chris Teague to third
Runner from 3rd tries for Home, SAFE, no throw or cutoff
Pitching: LHP Bryan Jones
Batting: RHB Allen Williams 0-0: Called Strike
0-1: Fly out, F4 (Popup, 4MD)
Top of the 7th over - 3 run(s), 2 hit(s), 0 error(s), 1 left on base; Athletic Club KC Academy 4 - Phoenix Hotspur 1
BOTTOM OF THE 7TH
Phoenix Hotspur Youth batting - Pitching for Athletic Club KC Academy : LHP António Uribe
Now at SS: Frank Church
Now in LF: Mike Lovell
Batting: RHB António Padilla 0-0: Called Strike
0-1: Foul Ball, location: 2F
0-2: Ball
1-2: Ball
2-2: Strikes out swinging
Batting: LHB Arthur Ryan 0-0: Called Strike
0-1: Foul Ball, location: 2F
0-2: Ball
1-2: Strikes out swinging
Batting: RHB Satoshi Terada 0-0: Ball
1-0: Called Strike
1-1: Ball
2-1: Ball
3-1: SINGLE (Flyball, 8RM)
Pitching: RHP Alfonso Álvarez
Batting: RHB Jesús Álvarez 0-0: SINGLE (Flyball, 4MD)
Satoshi Terada to second
Batting: RHB David Rivas 0-0: Called Strike
0-1: Ball
1-1: Ball
2-1: Foul Ball, location: 2F
2-2: Ball
3-2: SINGLE (Groundball, 56)
Satoshi Terada to third
Jesús Álvarez to second
Satoshi Terada scores
Jesús Álvarez to third
Batting: RHB Patrick Shaw 0-0: Ball
1-0: Called Strike
1-1: Ball
2-1: Fly out, F3 (Popup, 3L)
Bottom of the 7th over - 1 run(s), 3 hit(s), 0 error(s), 2 left on base; Athletic Club KC Academy 4 - Phoenix Hotspur 2
TOP OF THE 8TH
Athletic Club KC Academy batting - Pitching for Phoenix Hotspur Youth : LHP Bryan Jones
Batting: RHB Bob Curry 0-0: Ball
1-0: Foul Ball, location: 2F
1-1: Called Strike
1-2: Foul Ball, location: 2F
1-2: Ball
2-2: Strikes out swinging
Batting: RHB Michael Walker 0-0: Called Strike
0-1: Ball
1-1: Ball
2-1: Hit by Pitch
Batting: RHB Frank Church 0-0: Ball
1-0: SINGLE (Groundball, 6MD)
Michael Walker to second
Batting: RHB William Williams 0-0: Ball
1-0: Called Strike
1-1: Ball
2-1: Ball
3-1: Base on Balls
Michael Walker to third
Frank Church to second
Batting: RHB Mike Lovell 0-0: Swinging Strike
0-1: Ball
1-1: Foul Ball, location: 2F
1-2: Ball
2-2: Strikes out looking
Pinch Hitting: RHB Leonardo Ortega 0-0: Ball
1-0: Swinging Strike
1-1: Foul Ball, location: 2F
1-2: Strikes out swinging
Top of the 8th over - 0 run(s), 1 hit(s), 0 error(s), 3 left on base; Athletic Club KC Academy 4 - Phoenix Hotspur 2
BOTTOM OF THE 8TH
Phoenix Hotspur Youth batting - Pitching for Athletic Club KC Academy : RHP Alfonso Álvarez
Now in CF: José Durán
Batting: RHB Jesús Mejía 0-0: Ball
1-0: Ball
2-0: Called Strike
2-1: Foul Ball, location: 2F
2-2: Ball
3-2: DOUBLE (Line Drive, 5L)
Batting: RHB Javier González 0-0: Called Strike
0-1: Ball
1-1: Ball
2-1: Fly out, F7 (Flyball, 7M)
Batting: SHB Pedro Gómez 0-0: Ball
1-0: Fly out, F8 (Line Drive, 8LD)
Runner from 2nd tags up, SAFE at 3rd, no throw
Batting: RHB António Padilla Balk!
Jesús Mejía scores
0-0: Foul Ball, location: 2F
0-1: Ball
1-1: Ball
2-1: Fly out, F8 (Flyball, 8RM)
Bottom of the 8th over - 1 run(s), 1 hit(s), 0 error(s), 0 left on base; Athletic Club KC Academy 4 - Phoenix Hotspur 3
TOP OF THE 9TH
Athletic Club KC Academy batting - Pitching for Phoenix Hotspur Youth : LHP Bryan Jones
Pitching: RHP Oliver Huerta
Batting: RHB Chris Teague 0-0: Ground out 2-3 (Groundball, 2L)
Batting: RHB Dave Robertson 0-0: Ball
1-0: Called Strike
1-1: Ball
2-1: Ball
3-1: SINGLE (Line Drive, 56D)
Batting: RHB Allen Williams 0-0: Ball
1-0: Foul Ball, location: 2F
1-1: Foul Ball, location: 2F
1-2: Ball
2-2: Ball
3-2: Fielders Choice at 2nd, 5-4 (Groundball, 56)
Batting: RHB Bob Curry 0-0: Ball
1-0: Swinging Strike
1-1: SINGLE (Groundball, 34)
Allen Williams to second
Runner from 2nd tries for 3rd, SAFE, throw made to third
Bob Curry to second
Batting: RHB Michael Walker 0-0: Called Strike
0-1: Swinging Strike
0-2: Strikes out swinging
Top of the 9th over - 0 run(s), 2 hit(s), 0 error(s), 2 left on base; Athletic Club KC Academy 4 - Phoenix Hotspur 3
BOTTOM OF THE 9TH
Phoenix Hotspur Youth batting - Pitching for Athletic Club KC Academy : RHP Alfonso Álvarez
Pitching: LHP António Silva
Batting: LHB Arthur Ryan 0-0: Called Strike
0-1: Called Strike
0-2: Ball
1-2: Foul Ball, location: 2F
1-2: Strikes out swinging
Batting: RHB Satoshi Terada 0-0: Foul Ball, location: 2F
0-1: Ball
1-1: Ball
2-1: Ball
3-1: Called Strike
3-2: Ground out 1-3 (Groundball, 13S)
Batting: RHB Jesús Álvarez 0-0: Called Strike
0-1: Foul Ball, location: 2F
0-2: SINGLE (Line Drive, 8LS)
Batting: RHB David Rivas 0-0: SINGLE (Groundball, 56D)
Jesús Álvarez to second
Batting: RHB Patrick Shaw 0-0: Called Strike
0-1: Ball
1-1: Foul Ball, location: 2F
1-2: Strikes out swinging
Bottom of the 9th over - 0 run(s), 2 hit(s), 0 error(s), 2 left on base; Athletic Club KC Academy 4 - Phoenix Hotspur 3
This league is powered by Out of the Park Baseball, the baseball management simulation game for PC, Mac and Linux
Friday, April 15th, 2016 - OOTP Baseball 16.9 Build 39